 Dungeon Crawl Stone Soup version 0.17-a0-1842-gacc33f2 (webtiles) character file.

118 Horrz the Cutter (level 4, -2/31 HPs)
             Began as a High Elf Skald on Sept 17, 2015.
             Slain by an iguana (10 damage)
             ... on level 4 of the Dungeon.
             The game lasted 00:11:36 (3419 turns).

Horrz the Cutter (High Elf Skald)                   Turns: 3419, Time: 00:11:36

Health: -2/31      AC:  4    Str: 12    XL:     4   Next: 72%
Magic:  5/8        EV: 11    Int: 15    God:
Gold:   122        SH:  0    Dex: 15    Spells: 3 memorised, 2 levels left

rFire  . . .     SeeInvis .     a - +0 short sword
rCold  . . .     Clarity  .     b - +0 leather armour
rNeg   . . .     SustAt   .     (no shield)
rPois  .         Gourm    .     x - +0 helmet
rElec  .         Spirit   .     (no cloak)
rCorr  .         Warding  .     (no gloves)
rMut   +         Stasis   .     (no boots)
MR     .....                    e - amulet of resist mutation
Stlth  +.........               (no ring)
                                (no ring)

@: not resistant to hostile enchantments, very unstealthy
A: no striking features
a: no special abilities


You were on level 4 of the Dungeon.
You were not hungry.

You visited 1 branch of the dungeon, and saw 4 of its levels.

You collected 122 gold pieces.

Inventory:

Hand weapons
 a - a +0 short sword (weapon)
Armour
 b - a +0 leather armour (worn)
 x - a +0 helmet (worn)
Jewellery
 e - an amulet of resist mutation (around neck)
Scrolls
 f - a scroll of amnesia {unknown}
 k - 4 scrolls of identify {unknown}
 m - a scroll of remove curse {unknown}
 n - a scroll of teleportation {unknown}
 o - a scroll of blinking {unknown}
 q - a scroll of enchant weapon {unknown}
 v - a scroll of immolation {unknown}
Potions
 g - 2 potions of curing
 j - 2 potions of heal wounds {unknown}
 p - a potion of brilliance {unknown}
 r - a potion of flight {unknown}
 s - 3 potions of invisibility {unknown}
 t - a potion of beneficial mutation {unknown}
 u - a potion of resistance {unknown}
Books
 c - a book of Battle

   Spells                             Type                      Level
   a - Infusion                       Charms                       1
   b - Shroud of Golubria             Charms/Translocation         2
   c - Song of Slaying                Charms                       2
   d - Spectral Weapon                Hexes/Charms                 3
   e - Regeneration                   Charms/Necromancy            3
Comestibles
 d - 2 bread rations
 h - 3 fruits
 i - 3 beef jerkies
 l - 2 meat rations
 w - a royal jelly
 z - 2 chunks of flesh


   Skills:
 + Level 3.5 Fighting
 + Level 4.4 Short Blades
 - Level 0.8 Armour
 - Level 1.1 Dodging
 - Level 2.4 Spellcasting
 + Level 4.1 Charms


You had 2 spell levels left.
You knew the following spells:

 Your Spells              Type           Power        Failure   Level  Hunger
a - Infusion              Chrm           ##....       6%          1    #......
b - Song of Slaying       Chrm           ##......     10%         2    ###....
c - Shroud of Golubria    Chrm/Tloc      #.........   21%         2    ###....


Dungeon Overview and Level Annotations

Branches:
Dungeon (4/15)
 Temple: D:4-7

Altars:

Annotations:
D:3 chimenez's ghost, average DsFE


Message History

The hound is severely wounded.
The hound bites you.
You hit the hound.
The hound is severely wounded.
The hound bites you. x2
* * * LOW HITPOINT WARNING * * *
You miss the hound.
The hound is severely wounded.
The hound bites you.
* * * LOW HITPOINT WARNING * * *
You hit the hound.
The hound is almost dead.
The hound bites you but does no damage.
You hit the hound.
You kill the hound!
Your Charms skill increases to level 4!
You hit the iguana.
The iguana is moderately wounded.
The iguana bites you!
You die...

### ###<###
##### #.....#
#...# #.....#
#...#######
#.....#
#####.........#
#.....#
#.....@..####.#
#.....#
#.####l#.#
#.#####'###
..#.# #.......#
...#.#
#########
..%.#..
........
....#.#.#.
###..#.#.#


You could see an iguana.

Vanquished Creatures
  A hound (D:4)
  3 adders
  2 oozes (D:1)
  2 worms
  5 giant geckos
  A giant cockroach (D:1)
  8 goblins
  2 hobgoblins
  4 jackals
  5 kobolds
  A quokka (D:3)
  2 ball pythons
  6 bats
  2 giant newts (D:1)
  3 rats
47 creatures vanquished.

Notes
Turn   | Place    | Note
--------------------------------------------------------------
     0 | D:1      | Horrz the High Elf Skald began the quest for the Orb.
     0 | D:1      | Reached XP level 1. HP: 14/14 MP: 4/4
   325 | D:1      | Reached XP level 2. HP: 12/20 MP: 6/6
   329 | D:1      | Learned a level 2 spell: Song of Slaying
   332 | D:1      | Learned a level 2 spell: Shroud of Golubria
   484 | D:2      | HP: 1/20 [giant gecko (3)]
  1181 | D:1      | Reached XP level 3. HP: 11/26 MP: 7/7
  2383 | D:3      | Reached skill level 4 in Short Blades
  2608 | D:3      | Reached XP level 4. HP: 31/31 MP: 8/8
  2839 | D:3      | Noticed chimenez's ghost (average DsFE)
  3419 | D:4      | Slain by an iguana

Vault maps used:
D:1:      minmay_arrival_loop
D:3:      first_bread
D:4:      minmay_temple_entry_purple_smoke, hangedman_abyss_or_decor_slice,
          minmay_hollow_rounded_squares

Action                   |  1- 3 |  4- 6 || total
-------------------------+-------+-------++-------
Melee: Short sword       |   155 |    72 ||   227
 Cast: Infusion          |     2 |     2 ||     4
       Shroud of Golubri |       |     2 ||     2
  Use: Potion            |       |     1 ||     1
 Stab: Distracted        |     1 |       ||     1
  Eat: Chunk             |     4 |     3 ||     7
       Fruit             |     1 |       ||     1
